AoeStats
← AnGuS

Oasis

510144227Analyzed
3v3 RM · 2d ago on Sep 29, 2026· 52m 38s· 6 players
Game mode
Random Map
Map size
Normal (6 player)
Population
200
Speed
Normal
Resources
Standard
Victory
Conquest
Starting age
Dark Age
Ending age
Imperial Age
RankedLock teamsTeams togetherTeam positionsShared explorationLock speedFull tech treeHidden civsTurbo modeCheats
Victory
Defeat
🇦🇷 Jurchens · Argentina
1082
+14
🇧🇷 Teutons · Brazil
1030
+16
🇪🇸 Huns · Spain
1030
+16
🇪🇸 Britons · Spain
1110
-19
🇨🇳 Celts · China
1008
-14
🇸🇪 Saxons · Sweden
982
-13
Chexco9004
10:37 Feudal Age
14:10 Scale Barding Armor
14:17 Forging
22:09 Castle Age
20:49 Horse Collar
21:03 Double-Bit Axe
24:16 Fletching
24:30 Husbandry
24:41 Bloodlines
25:20 Bodkin Arrow
27:16 Gold Mining
29:49 Chain Barding Armor
30:00 Thumb Ring
30:14 Heavy Plow
34:36 Wheelbarrow
39:07 Imperial Age
37:01 Marauders
39:06 Iron Casting
38:51 Bow Saw
39:15 Elite Tarkan
41:38 Chemistry
41:12 Conscription
42:24 Plate Barding Armor
43:30 Blast Furnace
[LP] Peronbot
5:17 Loom
11:03 Feudal Age
11:06 Feudal Age
13:45 Double-Bit Axe
16:01 Castle Age
15:26 Horse Collar
15:42 Gold Mining
18:58 Padded Archer Armor
21:32 Bow Saw
26:51 Wheelbarrow
27:52 Treadmill Crane
29:26 Gold Shaft Mining
28:46 Stone Mining
28:44 Town Watch
29:26 Caravan
30:35 Gold Shaft Mining
30:23 Hand Cart
30:08 Town Patrol
30:15 Padded Archer Armor
30:30 Heavy Plow
33:11 Imperial Age
33:11 Leather Archer Armor
33:03 Scale Barding Armor
33:09 Forging
33:02 Fortified Bastions
33:29 Ballistics
33:17 Siege Engineers
34:25 Conscription
35:40 Crop Rotation
34:49 Heavy Rocket Cart
36:35 Chemistry
37:13 Bloodlines
39:07 Husbandry
39:28 Chain Barding Armor
39:45 Iron Casting
40:18 Thunderclap Bombs
40:25 Elite Iron Pagoda
41:52 Fletching
45:45 Ring Archer Armor
45:54 Plate Barding Armor
46:19 Blast Furnace
45:53 Masonry
45:38 Murder Holes
46:45 Squires
46:30 Arson
46:31 Gambesons
47:51 Bodkin Arrow
47:58 Scale Mail Armor
52:48 Stone Shaft Mining
52:54 Hoardings
51:49 Sappers
AnGuS
10:57 Feudal Age
17:18 Castle Age
16:52 Horse Collar
16:58 Double-Bit Axe
18:39 Bow Saw
19:39 Wheelbarrow
19:22 Heavy Plow
19:50 Gold Mining
21:13 Stone Mining
23:52 Hand Cart
24:53 Stone Shaft Mining
25:49 Sanctity
28:55 Imperial Age
30:48 Chemistry
30:24 Crop Rotation
32:12 Two-Man Saw
34:21 Heavy Scorpion
40:57 Guilds
40:48 Caravan
41:18 Coinage
47:10 Banking
52:57 Ballistics
Badri
7:30 Loom
9:40 Feudal Age
17:22 Castle Age
26:18 Double-Bit Axe
28:03 Fletching
29:45 Horse Collar
32:01 Bodkin Arrow
32:46 Padded Archer Armor
34:00 Wheelbarrow
33:10 Town Watch
38:16 Imperial Age
37:12 Pikeman
38:39 Ballistics
39:37 Hand Cart
39:31 Elite Longbowman
40:16 Bracer
41:27 Conscription
43:50 Murder Holes
46:23 Cavalier
firstApe
12:25 Feudal Age
12:56 Horse Collar
13:05 Double-Bit Axe
22:08 Castle Age
20:07 Fletching
21:32 Stone Mining
21:34 Gold Mining
22:50 Wheelbarrow
22:01 Town Watch
22:02 Loom
22:21 Loom
22:23 Town Watch
23:52 Gold Shaft Mining
23:47 Bodkin Arrow
23:57 Squires
23:44 Gambesons
24:03 Scale Mail Armor
26:43 Heavy Plow
27:45 Sanctity
28:11 Arson
28:37 Padded Archer Armor
28:13 Pikeman
30:17 Leather Archer Armor
30:43 Chain Mail Armor
31:09 Thumb Ring
30:28 Clerical Recruitment
31:27 Redemption
31:45 Bow Saw
37:16 Imperial Age
35:06 Hand Cart
36:42 Masonry
36:28 Murder Holes
36:53 Ballistics
37:17 Forging
39:03 Hoardings
38:51 Conscription
38:59 Conscription
39:15 Architecture
39:46 Chemistry
40:22 Siege Engineers
40:05 Arrowslits
40:33 Caravan
43:50 Plate Mail Armor
43:56 Iron Casting
43:17 Shield Wall
46:04 Two-Man Saw
46:36 Elite Hearth Troop
47:26 Bracer
48:22 Cranequins
48:23 Heavy Mounted Crossbowman
51:18 Cranequins
51:18 Heavy Mounted Crossbowman
52:42 Ring Archer Armor
DDVICTORY
10:42 Feudal Age
12:11 Wheelbarrow
12:23 Loom
15:16 Castle Age
14:16 Double-Bit Axe
17:41 Bow Saw
17:48 Horse Collar
21:48 Heavy Plow
24:07 Hand Cart
25:14 Forging
25:43 Stone Mining
27:31 Stone Shaft Mining
27:26 Husbandry
28:50 Iron Casting
28:26 Gold Mining
29:41 Town Watch
30:23 Scale Mail Armor
33:12 Imperial Age
31:55 Chain Mail Armor
31:35 Stronghold
32:18 Scale Barding Armor
33:19 Ballistics
32:31 Pikeman
33:32 Heavy Scorpion
35:34 Plate Mail Armor
36:09 Chemistry
36:49 Blast Furnace
35:13 Halberdier
37:14 Cavalier
38:28 Chain Barding Armor
Connection lost

Rejoining the realm…

Still unreachable

The connection could not be restored.

Session expired

The server has moved on; the page needs a fresh start.